 Dungeon Crawl Stone Soup version 0.30-a0-263-ge22c4ad894 (webtiles) character file.

Game seed: 4012413009930352367

1 koil the Magician (level 1, 0/15 HPs)
             Began as a Djinni Necromancer on Oct 13, 2022.
             Slain by a hobgoblin (1 damage)
             ... on level 1 of the Dungeon.
             The game lasted 00:00:19 (27 turns).

koil the Magician (Djinni Necromancer)                Turns: 27, Time: 00:00:19

Health: 0/15       AC:  2    Str:  7    XL:     1   Next: 22%
Gold:   13         EV: 12    Int: 16    God:
                   SH:  0    Dex: 13

rFire   + + .      SeeInvis .    (no weapon)
rCold   x . .      Faith    .    (no shield)
rNeg    . . .      Spirit   .    a - +0 robe
rPois   ∞          Reflect  .    (no helmet)
rElec   .          Harm     .    (no cloak)
rCorr   .          Rampage  .    (no gloves)
Will    .....                    (boots unavailable)
Stlth   ++........               (no amulet)
HPRegen 0.22/turn                (no ring)
MPRegen 0.00/turn                (no ring)

@: flying
A: sickness immunity, fire resistance 2, cold vulnerability 1, float, innate
caster, HP casting, extra vitality 1
a: no special abilities


You were on level 1 of the Dungeon.
You visited 1 branch of the dungeon, and saw 1 of its levels.

You collected 13 gold pieces.

Inventory:

Armour
 a - a +0 robe (worn)


   Skills:
 + Level 2.2 Dodging
 + Level 1.6 Stealth
 + Level 3.2 Spellcasting


You couldn't memorise any spells.
You knew the following spells:

 Your Spells              Type           Power      Damage    Failure   Level
a - Necrotise             Necr           52%        1d6       4%          1
b - Vampiric Draining     Necr           13%        2d6       14%         3
c - Animate Dead          Necr           13%        N/A       43%         4
d - Agony                 Necr           13%        N/A       78%         5
Your spell library was empty.

Dungeon Overview and Level Annotations

Branches:
Dungeon (1/15)

Altars:


Innate Abilities, Weirdness & Mutations

You are immune to sickness and miasma.
You are immune to poison.
Your flesh is very heat resistant. (rF++)
You are vulnerable to cold. (rC-)
You float through the air rather than walking.
You learn spells naturally, not from books.
Your magical power is your life essence.
You have superior vitality. (+4 MHP)


Message History

There is a huge open gate here.
A bat comes into view.
A goblin comes into view. It is wielding a +0 club.
Found a stone staircase leading down.
You hit the bat but do no damage. The bat closely misses you.
The goblin shouts!
Found an escape hatch in the floor.
The bat barely misses you.
The hobgoblin shouts!
You hit the bat.
The bat is moderately wounded.
The bat closely misses you.
You miss the bat.
The bat is moderately wounded.
The bat closely misses you. The goblin hits you with a +0 club.
The hobgoblin barely misses you.
You barely miss the bat.
The bat is moderately wounded.
The bat hits you but does no damage. The goblin hits you but does no damage.
The hobgoblin hits you.
You are too injured to fight recklessly!
You are too injured to fight recklessly!
Cast which spell? (? or * to list)
Aiming: Necrotise (safe; 4% risk of failure)
Press: ? - help, Shift-Dir - straight line, f - goblin
Aim: a goblin, wielding a +0 club (chance to affect: 83%)
The goblin writhes in agony.
You kill the goblin!
The dead are walking!
The bat completely misses you. The hobgoblin barely misses you.
The bat hits you but does no damage.
You hit the bat.
The bat is moderately wounded.
The bat barely misses you. The hobgoblin hits you.
* * * LOW HITPOINT WARNING * * *
The bat hits you but does no damage. The bat hits you.
* * * LOW HITPOINT WARNING * * *
The bat hits you but does no damage.
The hobgoblin hits you but does no damage.
The hobgoblin attacks as you move away! The hobgoblin hits you.
You die...

#K#...........#o .
#######'''##### ..
#...........# ...
#...........#
....###.......###
#.b.##'''''##
#.............
####b...:.....
#.>###.@.#########
#...Zg###
#..>.....#
#.....##.# #.....
.# #..... .# #....
.# ##### .# .#


You could see a hobgoblin (ally target), a bat and a friendly goblin skeleton.

Vanquished Creatures
  A goblin (D:1)
1 creature vanquished.

Notes
Turn   | Place    | Note
-------+----------+-------------------------------------------
     0 | D:1      | koil the Djinni Necromancer began the quest for the Orb.
     0 | D:1      | koil set off with the following spells memorised:
                  | Necrotise, Vampiric Draining, Animate Dead, Agony.
     0 | D:1      | Reached XP level 1. HP: 15/15 MP: 0/0
    27 | D:1      | Slain by a hobgoblin

Illustrated notes

Levels and vault maps discovered:
D:1:      lordsloth_arrival_two_stooges, layout_basic

Action                   || total
-------------------------++-------
Melee: Unarmed           ||     5
 Cast: Necrotise         ||     1
Armor: Robe              ||     6
Dodge: Dodged            ||     8

Table legend: (Time is in decaauts)
 A = Elapsed time spent in this place.
 B = Non-inter-level travel time spent in this place.
 C = Inter-level travel time spent in this place.
 D = Time resting spent in this place.
 E = Time spent auto-exploring this place.
 F = Levels seen in this place.
 G = Mean time per level.
                   A        B        C        D        E       F      G
               +--------+--------+--------+--------+--------+-----+--------+
         Total |     27 |     27 |      0 |      0 |     13 |   1 |   27.0 |
       Dungeon |     27 |     27 |      0 |      0 |     13 |   1 |   27.0 |
               +--------+--------+--------+--------+--------+-----+--------+

Top non-repeatable levels by time:
     D:1: 27 daAuts
